 Dungeon Crawl Stone Soup version 0.28.0-43-g3370ac3207 (webtiles) character file.

Game seed: 6088006349114607820

680 pkoi the Insei (level 7, 0/51 HPs)
             Began as a Demigod Artificer on Mar 25, 2022.
             Slain by an ogre
             ... wielding a +0 giant club
              (27 damage)
             ... on level 5 of the Dungeon.
             The game lasted 00:06:57 (7122 turns).

pkoi the Insei (Demigod Artificer)                  Turns: 7122, Time: 00:06:57

Health: 0/51       AC: 11    Str: 17    XL:     7   Next: 12%
Magic:  9/9        EV:  5    Int: 15    God:
Gold:   972        SH:  0    Dex: 18    Spells: 6/6 levels left

rFire   + . .      SeeInvis .   i - +1 dagger (venom)
rCold   . . .      Faith    .   (no shield)
rNeg    + . .      Spirit   .   q - +1 plate armour
rPois   .          Reflect  .   (helmet restricted)
rElec   .          Harm     .   (no cloak)
rCorr   .          Rampage  .   (no gloves)
Will    .....                   (no boots)
Stlth   ..........              (no amulet)
HPRegen 0.17/turn               l - ring of positive energy
MPRegen 0.11/turn               (no ring)

@: no status effects
A: high MP 1, forlorn, divine attributes, antennae 1, beak, clever 1, fire
resistance 1
a: no special abilities


You were on level 5 of the Dungeon.
You visited 1 branch of the dungeon, and saw 5 of its levels.

You collected 972 gold pieces.

Inventory:

Hand Weapons
 a - a +0 club
 f - a +1 whip
 g - a +1 dagger of electrocution
 i - a +1 dagger of venom (weapon)
 m - a +1 dagger of holy wrath
Missiles
 s - 4 boomerangs
 z - 5 poisoned darts
Armour
 b - a +0 leather armour
 q - a +1 plate armour (worn)
Jewellery
 l - a ring of positive energy (left hand)
 r - a ring of wizardry
 A - a ring of willpower
 B - a +6 ring of intelligence
Wands
 c - a wand of flame (7) (quivered)
 d - a wand of charming (15)
Scrolls
 j - a scroll of immolation {unknown}
 p - 2 scrolls of enchant armour
 v - 2 scrolls of teleportation
 x - a scroll of identify {unknown}
 y - a scroll of magic mapping {unknown}
Potions
 h - a potion of might
 k - 4 potions of curing
 n - 2 potions of attraction {unknown}
 o - a potion of degeneration {unknown}
 t - a potion of brilliance {unknown}
 u - a potion of flight {unknown}
 w - a potion of ambrosia {unknown}
Miscellaneous
 e - a piece from Xom's chessboard (14/15)


   Skills:
 - Level 0.8 Fighting
 - Level 1.7 Armour
 - Level 0.8 Dodging
 - Level 0.8 Stealth
 * Level 6.0 Unarmed Combat
 + Level 4.8 Evocations


You had 6 spell levels left.
You didn't know any spells.
Your spell library contained the following spells:

 Spells                   Type           Power      Damage    Failure   Level
 Dispersal                Tloc           0%         N/A       100%        6
 Disjunction              Tloc           0%         N/A       100%        8


Dungeon Overview and Level Annotations

Branches:
Dungeon (5/15)
 Temple: D:4-7


Innate Abilities, Weirdness & Mutations

You have an increased reservoir of magic. (+10% MP)
You shall have no god before yourself.
Your divine heritage dramatically boosts your attributes as you level up.
You have a pair of small antennae on your head.
You have a beak for a mouth.
Your mind is acute. (Int +2)
Your flesh is heat resistant. (rF+)


Message History

You peck the howler monkey zombie.
The howler monkey zombie is severely damaged.
The howler monkey zombie barely misses you.
You hit the howler monkey zombie.
The howler monkey zombie convulses.
The howler monkey zombie is severely damaged.
The howler monkey zombie hits you but does no damage.
You hit the howler monkey zombie.
The howler monkey zombie convulses.
You destroy the howler monkey zombie!
Your +1 dagger of holy wrath stops glowing.
Your +1 dagger of venom begins to drip with poison!
i - a +1 dagger of venom (weapon)
Found a stone staircase leading up.
You open the door.
Found a plate armour and a hunting sling.
There is a stone staircase leading up here.
Found a stone staircase leading down.
B - a +6 ring of intelligence An ogre comes into view.
It is wielding a +0 giant club.
The ogre shouts!
An ogre is nearby!
An ogre is nearby!
An ogre is nearby!
Found a stone staircase leading down.
The ogre hits you with a +0 giant club!!
* * * LOW HITPOINT WARNING * * *
You closely miss the ogre. You peck the ogre.
The ogre is moderately wounded.
The ogre hits you with a +0 giant club.
* * * LOW HITPOINT WARNING * * *
You hit the ogre.
The ogre is poisoned.
You peck the ogre, but do no damage.
The ogre is moderately wounded.
The ogre hits you with a +0 giant club.
* * * LOW HITPOINT WARNING * * *
You hit the ogre but do no damage.
The ogre is moderately wounded.
You hit the ogre.
The ogre looks as sick as possible!
The ogre is heavily wounded.
The ogre hits you with a +0 giant club!!
Ouch! That really hurt!
You die...

..
#..............#####
... #....#.........#
....#....#.........#
....#....#.........#
.........#.........#
.........# .....
.........# ....
.........#
####+##@##
#....O.....#
#.........##
#........##
#.....#### ##.....
....>. ##.....


You could see an ogre (extremely poisoned).

Vanquished Creatures
  Edmund (D:4)
  3 ogres
  A bullfrog skeleton (D:4)
  A bullfrog zombie (D:3)
  A jelly (D:4)
  Jessica (D:2)
  A howler monkey zombie (D:5)
  Robin (D:4)
  4 gnolls
  3 adders
  3 worms
  A dart slug (D:2)
  2 orcs (D:3)
  6 bats
  3 endoplasms
  3 giant cockroaches
  19 goblins
  12 hobgoblins
  8 jackals
  4 quokkas
  6 ball pythons
  4 frilled lizards (D:1)
  2 kobolds
  7 rats
97 creatures vanquished.

Notes
Turn   | Place    | Note
-------+----------+-------------------------------------------
     0 | D:1      | pkoi the Demigod Artificer began the quest for the Orb.
     0 | D:1      | Reached XP level 1. HP: 15/15 MP: 3/3
   108 | D:1      | Reached skill level 1 in Unarmed Combat
   181 | D:1      | Reached XP level 2. HP: 7/22 MP: 4/4
   556 | D:1      | Reached skill level 2 in Unarmed Combat
  1488 | D:1      | Reached XP level 3. HP: 15/27 MP: 5/5
  2448 | D:2      | Reached skill level 3 in Unarmed Combat
  2701 | D:2      | Identified a scroll of acquirement
  2701 | D:2      | Acquired 790 gold pieces
  2711 | D:2      | Reached XP level 4. HP: 30/34 MP: 6/6
  2749 | D:2      | Noticed Jessica
  2771 | D:2      | Killed Jessica
  4114 | D:3      | Noticed an ogre
  4124 | D:3      | Killed an ogre
  4125 | D:3      | Reached skill level 4 in Unarmed Combat
  4125 | D:3      | Reached XP level 5. HP: 20/39 MP: 7/7
  5504 | D:4      | Noticed an ogre
  5543 | D:4      | Killed an ogre
  5544 | D:4      | Reached XP level 6. HP: 44/46 MP: 8/8
  5549 | D:4      | Reached skill level 5 in Unarmed Combat
  5630 | D:4      | Noticed Robin
  5640 | D:4      | Gained mutation: You have a pair of small antennae on your
                  | head. [potion of mutation]
  5640 | D:4      | Gained mutation: Your mind is acute. (Int +2) [potion of
                  | mutation]
  5640 | D:4      | Gained mutation: Your flesh is heat resistant. (rF+)
                  | [potion of mutation]
  5640 | D:4      | Gained mutation: You have a beak for a mouth. [potion of
                  | mutation]
  5650 | D:4      | Killed Robin
  5889 | D:4      | Noticed Edmund
  5918 | D:4      | Killed Edmund
  5919 | D:4      | Reached XP level 7. HP: 38/51 MP: 9/9
  6491 | D:4      | Reached skill level 6 in Unarmed Combat
  7039 | D:5      | Entered Level 5 of the Dungeon
  7122 | D:5      | Slain by an ogre

Illustrated notes

Levels and vault maps discovered:
D:1:      dpeg_arrival_renting, layout_basic
D:2:      layout_loops_ring, ebering_ecumenical_altar_mist, uniq_jessica
D:3:      layout_loops_ring
D:4:      layout_basic, minivault_4, corexii_hall_statues_l, minmay_circle_x,
          uniq_robin, uniq_edmund
D:5:      layout_basic, ebering_ghost_rock_garden, serial_shops,
          kennysheep_mini, dk_noncrumbling_3

Skill      XL: |  1  2  3  4  5  6  7 |
---------------+----------------------+-----
Unarmed Combat | 1 2 3 4 5 6 |  6.0
Evocations     | 3 4 |  4.8
Fighting       | |  0.8
Armour         | |  1.7
Dodging        | |  0.8
Stealth        | |  0.8

Action                   |  1- 3 |  4- 6 |  7- 9 || total
-------------------------+-------+-------+-------++-------
Melee: Whip              |   139 |    23 |       ||   162
       Club              |     7 |       |       ||     7
       Punch             |     4 |     6 |     1 ||    11
       Dagger            |       |   172 |    34 ||   206
       Peck              |       |     4 |    13 ||    17
Evoke: Wand              |     1 |     7 |       ||     8
       Piece from Xom's  |       |     5 |       ||     5
  Use: Scroll            |     4 |     2 |       ||     6
       Potion            |       |     5 |       ||     5
 Stab: Sleeping          |     2 |     1 |       ||     3
Armor: Leather armour    |    48 |    35 |       ||    83
       Plate armour      |       |    29 |    16 ||    45
       Skin              |       |    18 |       ||    18
Dodge: Dodged            |    91 |    93 |     9 ||   193
